 Dungeon Crawl Stone Soup version 0.27-a0-34-gc18c9092ac (webtiles) character file.

Game seed: 15631786484362513874

149835 robertstho the Sage (level 17, -7/131 HPs)
             Began as a Gnoll Ice Elementalist on Jan 4, 2021.
             Was a High Priest of Sif Muna.
             Hit by a large rock thrown by Polyphemus (16 damage)
             ... while petrified by a catoblepas
             ... on level 3 of the Shoals.
             The game lasted 01:19:11 (34913 turns).

robertstho the Sage (Gnoll Ice Elementalist)       Turns: 34913, Time: 01:19:12

Health: -7/131     AC: 16    Str: 22    XL:     17   Next: 52%
Magic:  9/42       EV:  2    Int: 23    God:    Sif Muna [*****.]
Gold:   1785       SH:  0    Dex: 18    Spells: 17/40 levels left

rFire    . . .     SeeInvis +   y - +8 hunting sling of Ru's Hope {vorpal, Str+5 Dex+4}
rCold    . . .     Faith    .   (no shield)
rNeg     + + +     Spirit   .   k - +3 troll leather armour {Snorg}
rPois    ∞         Reflect  .   V - +0 helmet of the Wilderness {rElec Str+4 SInv}
rElec    +         Harm     .   M - scarf {repulsion}
rCorr    .         Rampage  .   p - +1 pair of gloves
Will     +....                  J - +1 pair of boots
Stlth    +++++.....             Q - amulet of the acrobat
HPRegen  0.71/turn              E - ring of poison resistance
MPRegen  0.28/turn              P - ring of the Octopus King {MP+9 AC+1 EV+1 Str+1 Int+1 Dex+1}

@: petrified, repel missiles
A: distributed training, fangs 1, clumsy 1, dopey 1, strong nose
a: Renounce Religion, Channel Magic, Forget Spell, Divine Exegesis


You were on level 3 of the Shoals.
You worshipped Sif Muna.
Sif Muna was extremely pleased with you.
You visited 5 branches of the dungeon, and saw 27 of its levels.

You collected 2858 gold pieces.
You spent 1073 gold pieces at shops.

Inventory:

Hand Weapons
 v - a +4 scimitar of flaming
 y - the +8 hunting sling of Ru's Hope (weapon) {vorpal, Str+5 Dex+4}
   (You found it on level 6 of the Dungeon)

   Any stone fired from it inflicts extra damage.
   It affects your strength (+5).
   It affects your dexterity (+4).
 R - a +2 long sword of holy wrath
Missiles
 z - 164 sling bullets
 A - 306 stones (quivered ammo)
Armour
 k - a +3 troll leather armour (worn) {Snorg}
 n - a +0 robe of cold resistance
 p - a +1 pair of gloves (worn)
 C - a +1 robe of fire resistance
 J - a +1 pair of boots (worn)
 M - a scarf of repulsion (worn)
 V - the +0 helmet of the Wilderness (worn) {rElec Str+4 SInv}
   (You found it on level 1 of the Shoals)

   It affects your strength (+4).
   It insulates you from electricity.
   It lets you see invisible.
 X - a +1 buckler of cold resistance
 Z - a +2 cloak of preservation
Magical Staves
 m - an uncursed staff of cold
Jewellery
 i - an uncursed ring of protection from fire
 j - a +4 ring of protection
 q - an uncursed ring of magical power
 E - a ring of poison resistance (left hand)
 P - a ring of the Octopus King (right hand) {MP+9 AC+1 EV+1 Str+1 Int+1 Dex+1}
   (You found it on level 8 of the Dungeon)

   [ring of magical power]

   It affects your AC (+1).
   It affects your evasion (+1).
   It affects your strength (+1).
   It affects your intelligence (+1).
   It affects your dexterity (+1).
   It affects your magic capacity (+9).
 Q - an amulet of the acrobat (around neck)
 W - an uncursed ring of fire
 Y - an uncursed ring of willpower
Wands
 c - a wand of digging (1)
 e - a wand of paralysis (5)
 H - a wand of acid (15)
 S - a wand of iceblast (34)
Scrolls
 a - 9 scrolls of remove curse
 f - 10 scrolls of teleportation
 l - 4 scrolls of magic mapping
 o - a scroll of fear
 r - 7 scrolls of enchant weapon
 s - 5 scrolls of enchant armour
 t - a scroll of blinking
 F - 6 scrolls of fog
 O - 3 scrolls of identify
 T - a scroll of silence
 U - 3 scrolls of immolation
Potions
 b - 3 potions of might
 d - 8 potions of curing
 g - 4 potions of brilliance
 h - 5 potions of haste
 u - 2 potions of mutation
 x - 4 potions of ambrosia
 B - 4 potions of berserk rage
 D - 3 potions of heal wounds
 G - 3 potions of invisibility
 I - 4 potions of flight
 K - a potion of magic
 L - a potion of resistance


   Skills:
 + Level 11.5 Fighting
 + Level 11.5 Short Blades
 + Level 11.5 Long Blades
 + Level 11.5 Axes
 + Level 11.5 Maces & Flails
 + Level 11.5 Polearms
 + Level 11.5 Staves
 + Level 11.5 Slings
 + Level 12.3 Bows
 + Level 11.5 Crossbows
 + Level 11.5 Throwing
 + Level 11.5 Armour
 + Level 12.3 Dodging
 + Level 12.2 Stealth
 + Level 11.5 Shields
 + Level 11.5 Unarmed Combat
 + Level 12.4 Spellcasting
 + Level 9.9 Conjurations
 + Level 9.9 Hexes
 + Level 9.9 Summonings
 + Level 9.9 Necromancy
 + Level 9.9 Translocations
 + Level 9.9 Transmutations
 + Level 9.9 Fire Magic
 + Level 11.9 Ice Magic
 + Level 9.9 Air Magic
 + Level 9.9 Earth Magic
 + Level 9.9 Poison Magic
 + Level 12.5 Invocations
 + Level 11.5 Evocations


You had 17 spell levels left.
You knew the following spells:

 Your Spells              Type           Power        Failure   Level
a - Freeze                Ice            100%         1%          1
b - Frozen Ramparts       Ice            100%         1%          3
c - Ozocubu's Armour      Ice            62%          1%          3
d - Hailstorm             Conj/Ice       59%          1%          4
e - Summon Ice Beast      Ice/Summ       59%          1%          4
f - Swiftness             Air            56%          1%          2
g - Apportation           Tloc           100%         1%          1
h - Bolt of Magma         Conj/Fire/Erth 28%          2%          5

Your spell library contained the following spells:

 Spells                   Type           Power        Failure   Level
 Animate Skeleton         Necr           100%         1%          1
 Beastly Appendage        Tmut           100%         1%          1
 Corona                   Hex            62%          1%          1
 Foxfire                  Conj/Fire      100%         1%          1
 Magic Dart               Conj           100%         1%          1
 Shock                    Conj/Air       100%         1%          1
 Sting                    Tmut/Pois      100%         1%          1
 Summon Small Mammal      Summ           100%         1%          1
 Blink                    Tloc           N/A          1%          2
 Call Imp                 Summ           56%          1%          2
 Ensorcelled Hibernation  Hex/Ice        100%         1%          2
 Poisonous Vapours        Pois/Air       100%         1%          2
 Slow                     Hex            56%          1%          2
 Sublimation of Blood     Necr           28%          1%          2
 Wereblood                Tmut           56%          1%          2
 Call Canine Familiar     Summ           56%          1%          3
 Conjure Flame            Conj/Fire      56%          1%          3
 Ignite Poison            Fire/Tmut/Pois 56%          1%          3
 Lesser Beckoning         Tloc           28%          1%          3
 Mephitic Cloud           Conj/Pois/Air  56%          1%          3
 Spider Form              Tmut/Pois      28%          1%          3
 Static Discharge         Conj/Air       56%          1%          3
 Tukima's Dance           Hex            56%          1%          3
 Airstrike                Air            28%          1%          4
 Cause Fear               Hex            28%          1%          4
 Ice Form                 Ice/Tmut       59%          1%          4
 Iskenderun's Mystic Bla  Conj/Tloc      56%          1%          4
 Leda's Liquefaction      Hex/Erth       28%          1%          4
 Olgreb's Toxic Radiance  Pois           56%          1%          4
 Petrify                  Tmut/Erth      56%          1%          4
 Sticky Flame             Conj/Fire      56%          1%          4
 Metabolic Englaciation   Hex/Ice        29%          1%          5
 Alistair's Intoxication  Tmut/Pois      37%          2%          5
 Blade Hands              Tmut           28%          2%          5
 Borgnjor's Vile Clutch   Necr/Erth      28%          2%          5
 Fireball                 Conj/Fire      28%          2%          5
 Irradiate                Conj/Tmut      28%          2%          5
 Iskenderun's Battlesphe  Conj           56%          2%          5
 Lightning Bolt           Conj/Air       28%          2%          5
 Silence                  Hex/Air        28%          2%          5
 Yara's Violent Unravell  Hex/Tmut       28%          2%          5
 Freezing Cloud           Conj/Ice/Air   29%          10%         6
 Eringya's Noxious Bog    Tmut/Pois      28%          13%         6
 Invisibility             Hex            56%          13%         6
 Iron Shot                Conj/Erth      28%          13%         6
 Shadow Creatures         Summ           N/A          13%         6
 Starburst                Conj/Fire      28%          13%         6
 Statue Form              Tmut/Erth      37%          13%         6
 Malign Gateway           Summ/Tloc      28%          56%         7
 Orb of Destruction       Conj           28%          56%         7
 Spellforged Servitor     Conj/Summ      28%          56%         7
 Summon Greater Demon     Summ           28%          56%         7
 Discord                  Hex            28%          99%         8
 Ignition                 Fire           28%          99%         8
 Fire Storm               Conj/Fire      28%          100%        9


Dungeon Overview and Level Annotations

Branches:
Dungeon (15/15)            Temple (1/1) D:7            Lair (6/6) D:10
 Shoals (3/4) Lair:4       Spider (0/4) Lair:4        Slime (0/5) Lair:6
    Orc (2/2) D:9             Elf (0/3) Orc:2        Vaults (0/5) D:13
 Depths (0/5) D:15

Altars:
Ashenzari
Cheibriados
Dithmenos
Elyvilon
Fedhas
Gozag
Hepliaklqana
Kikubaaqudgha
Makhleb
Nemelex Xobeh
Okawaru
Qazlal
Ru
Sif Muna
Trog
Uskayaw
Vehumet
Xom
Yredelemnul
Zin
The Shining One

Shops:
D:5 !   D:6 :   D:10 (   D:11 *   Orc:1 (   Orc:2 !!*=   Shoals:2 *
Shoals:3 =

Annotations:
D:8 2 runed translucent doors
D:15 2 transporters, Yamstis's ghost, adept GnMo
Lair:3 exclusion: oklob plant
Shoals:3 Polyphemus


Innate Abilities, Weirdness & Mutations

Your experience applies equally to all skills.
You have very sharp teeth.
Your uncanny sense of smell can sniff out nearby items.
You are clumsy. (Dex -2)
You are dopey. (Int -2)


Message History

The wall freezes Polyphemus!
Polyphemus throws a large rock.
The large rock hits your ice beast!!
Your ice beast dies!
Your ice beast hits the death yak but does no damage.
The death yak gores you but does no damage.
Your ice beast barely misses the death yak.
The wall freezes Polyphemus.
Polyphemus throws a large rock.
The large rock hits you!!
* * * LOW HITPOINT WARNING * * *
Your ice beast hits the death yak but does no damage.
The death yak gores you!
* * * LOW HITPOINT WARNING * * *
The frozen ramparts melt away.
Your ice beast hits the death yak but does no damage. x2
Polyphemus throws a large rock.
The large rock hits you.
* * * LOW HITPOINT WARNING * * *
The death yak gores you but does no damage.
Your ice beast hits the death yak but does no damage.
Polyphemus throws a large rock.
The large rock hits you!!
You die...

≈≈≈≈≈≈≈≈≈≈≈≈≈≈
≈≈≈≈≈≈≈≈≈≈≈≈≈
≈≈≈≈≈≈≈≈≈≈≈≈ ≈≈≈≈≈≈≈≈≈≈≈
≈≈≈≈≈≈≈≈≈≈≈.
≈≈≈≈≈≈≈≈≈...
≈≈≈≈≈≈..≈≈..# ≈≈
≈≈≈≈≈≈≈≈.≈≈Y@# ≈≈≈
≈≈≈≈≈≈≈≈≈≈≈YY(###(.≈≈
≈≈≈≈≈≈≈≈≈≈≈≈≈≈≈≈.C(....≈
≈≈≈≈≈≈≈≈≈≈≈..≈≈≈((.##..≈
≈≈≈≈≈≈≈≈≈.≈≈≈≈..≈...##
≈≈≈≈≈≈≈≈≈≈≈≈≈≈.........≈
≈≈≈≈≈≈≈≈≈.≈≈≈≈≈....)...≈
≈≈≈≈≈≈≈≈≈.≈≈≈≈....#.....
≈≈≈≈≈≈≈≈≈≈≈≈≈........(..


You could see Polyphemus, a death yak and 2 friendly ice beasts.

Vanquished Creatures
  Rupert (D:12)
  Aizul (Shoals:3)
  The ghost of Couptipt the Spry, an adept FeDe of Gozag (Shoals:1)
  2 stone giants (Orc:2)
  2 entropy weavers (Lair:4)
  An ettin (Orc:1)
  Snorg (Orc:2)
  A quicksilver dragon zombie (D:15)
  A merfolk javelineer (Shoals:3)
  A merfolk impaler (Shoals:2)
  A fire dragon (Lair:6)
  10 hydras
  3 boulder beetles
  2 ghost crabs (Lair:4)
  2 merfolk avatars
  4 centaur warriors
  Erica (D:8)
  The ghost of Clumpoid the Grappler, a novice TrFi of Makhleb (Lair:1)
  A catoblepas (Shoals:3)
  2 dancing weapons (D:13)
  4 merfolk aquamancers
  2 two-headed ogres
  3 tengu warriors
  12 death yaks
  3 orc high priests (Orc:2)
  2 satyrs
  A vampire mage (D:15)
  Urug (Lair:5)
  Sonja (Orc:2)
  6 fire crabs (Lair:4)
  6 skeletal warriors
  A sea snake (Shoals:1)
  An unseen horror (D:12)
  A swamp dragon (shapeshifter) (D:13)
  4 orc knights (Orc:2)
  6 lindwurms
  An orb spider (shapeshifter) (D:8)
  A deep elf mage (D:14)
  8 harpies (Shoals:1)
  4 oklob plants (Lair:6)
  5 orc sorcerers (Orc:2)
  A necromancer (D:15)
  A wolf spider (D:15)
  6 ugly things
  8 manticores
  12 fauns
  5 cyclopes
  The ghost of SkiChan the Skirmisher, a novice MiFi (D:5)
  4 merfolk sirens
  2 water nymphs
  3 molten gargoyles (Lair:6)
  5 black mambas
  An apocalypse crab (Lair:4)
  19 elephants
  3 torpor snails
  2 centaur skeletons
  3 gargoyles
  18 cane toads
  A yaktaur zombie (D:15)
  3 rime drakes
  15 komodo dragons
  3 tengu conjurers
  A redback zombie (D:13)
  11 merfolk
  A spriggan skeleton (D:15)
  5 polar bears
  2 wind drakes
  8 trolls
  A hornet (D:13)
  A fire dragon zombie (D:15)
  5 snapping turtles
  3 slime creatures (D:12)
  15 blink frogs
  2 dream sheep (Lair:5)
  7 water elementals
  4 wraiths
  2 redbacks (Lair:4)
  8 wyverns
  A vampire (D:15)
  52 yaks
  A steam dragon (Lair:6)
  11 basilisks
  3 vampire mosquitoes (D:12)
  13 wargs
  A soldier ant (D:12)
  15 water moccasins
  5 hell hounds (Lair:6)
  19 orc warriors
  A black bear (shapeshifter) (D:15)
  A hornet zombie (D:15)
  2 ice beasts
  A necrophage (D:13)
  An ice beast (shapeshifter) (D:14)
  2 sky beasts
  4 phantoms
  12 ogres
  4 boggarts (Lair:5)
  19 wolves
  11 centaurs
  2 big kobolds
  30 bullfrogs
  Blork the orc (D:4)
  A gnoll sergeant (D:8)
  A wyvern zombie (D:12)
  2 wyvern skeletons
  A water moccasin skeleton (D:9)
  3 scorpions
  12 killer bees (D:9)
  19 wights
  4 howler monkeys (D:8)
  3 electric eels
  A quasit (D:11)
  3 centaur zombies
  2 hounds
  6 lava snakes
  2 jellies (D:6)
  17 orc wizards
  20 orc priests
  A gnoll shaman (D:8)
  An iguana (D:6)
  5 worker ants
  A hell rat (Lair:3)
  A killer bee zombie (D:8)
  3 hound skeletons
  2 howler monkey skeletons
  17 adders
  13 gnolls (D:8)
  3 shadow imps
  2 white imps
  3 ufetubi
  3 adder skeletons
  2 worms (D:3)
  2 dart slugs
  4 leopard geckos
  61 orcs
  2 ball pythons
  11 bats
  6 giant cockroaches
  10 goblins
  8 hobgoblins
  6 jackals
  6 quokkas
  5 frilled lizards
  21 kobolds
  A leopard gecko zombie (D:6)
  3 quokka skeletons
  7 rats
  A spectral orc (D:4)
824 creatures vanquished.

Vanquished Creatures (collateral kills)
  A hydra (Lair:3)
  A boulder beetle (Lair:3)
  5 death yaks
  A sea snake (Shoals:2)
  A harpy (Shoals:1)
  2 fauns
  2 elephants (Lair:6)
  A cane toad (Lair:3)
  3 blink frogs (Lair:4)
  A vampire (D:15)
  A water moccasin (Lair:3)
  A wight (D:5)
  A hound (D:6)
  A bullfrog zombie (D:6)
  An orc wizard (Orc:2)
  A worker ant zombie (D:6)
  A leopard gecko (D:6)
25 creatures vanquished.

Vanquished Creatures (others)
  3 bushes
  22 fungi
  117 plants
  5 withered plants (D:15)
147 creatures vanquished.

Grand Total: 996 creatures vanquished

Notes
Turn   | Place    | Note
-------+----------+-------------------------------------------
     0 | D:1      | robertstho the Gnoll Ice Elementalist began the quest for
                  | the Orb.
     0 | D:1      | Reached XP level 1. HP: 13/13 MP: 6/6
   216 | D:1      | Reached XP level 2. HP: 17/19 MP: 5/7
   764 | D:1      | Reached XP level 3. HP: 16/25 MP: 7/9
   949 | D:1      | Reached skill level 5 in Spellcasting
  1154 | D:2      | Found a sacrificial altar of Ru.
  1210 | D:2      | Reached skill level 1 in Invocations
  1528 | D:2      | Learned a level 3 spell: Frozen Ramparts
  1532 | D:2      | Learned a level 3 spell: Ozocubu's Armour
  1647 | D:2      | Reached skill level 1 in Fighting
  1647 | D:2      | Reached skill level 1 in Short Blades
  1647 | D:2      | Reached skill level 1 in Long Blades
  1647 | D:2      | Reached skill level 1 in Axes
  1647 | D:2      | Reached skill level 1 in Maces & Flails
  1647 | D:2      | Reached skill level 1 in Polearms
  1647 | D:2      | Reached skill level 1 in Staves
  1647 | D:2      | Reached skill level 1 in Slings
  1647 | D:2      | Reached skill level 1 in Bows
  1647 | D:2      | Reached skill level 1 in Crossbows
  1647 | D:2      | Reached skill level 1 in Throwing
  1647 | D:2      | Reached skill level 1 in Armour
  1647 | D:2      | Reached skill level 1 in Shields
  1647 | D:2      | Reached skill level 1 in Unarmed Combat
  1647 | D:2      | Reached skill level 1 in Evocations
  1792 | D:2      | Reached XP level 4. HP: 32/32 MP: 11/11
  1800 | D:2      | Found a faded altar of an unknown god.
  2143 | D:3      | Noticed a bullfrog
  2156 | D:3      | Killed a bullfrog
  2157 | D:3      | Reached skill level 1 in Conjurations
  2157 | D:3      | Reached skill level 1 in Hexes
  2157 | D:3      | Reached skill level 1 in Summonings
  2157 | D:3      | Reached skill level 1 in Necromancy
  2157 | D:3      | Reached skill level 1 in Translocations
  2157 | D:3      | Reached skill level 1 in Transmutations
  2157 | D:3      | Reached skill level 1 in Fire Magic
  2157 | D:3      | Reached skill level 1 in Air Magic
  2157 | D:3      | Reached skill level 1 in Earth Magic
  2157 | D:3      | Reached skill level 1 in Poison Magic
  2157 | D:3      | Reached XP level 5. HP: 28/37 MP: 12/12
  2642 | D:3      | Reached XP level 6. HP: 12/44 MP: 6/13
  3053 | D:3      | Found a sparkling altar of Nemelex Xobeh.
  3505 | D:4      | Reached skill level 5 in Dodging
  3616 | D:4      | Found a basalt altar of Yredelemnul.
  3789 | D:4      | Noticed Blork the orc
  3802 | D:4      | Killed Blork the orc
  3803 | D:4      | Reached XP level 7. HP: 34/50 MP: 10/15
  4220 | D:5      | Entered Level 5 of the Dungeon
  4249 | D:5      | Reached skill level 5 in Stealth
  4821 | D:5      | Learned a level 4 spell: Hailstorm
  4826 | D:5      | Learned a level 4 spell: Summon Ice Beast
  4912 | D:5      | Reached XP level 8. HP: 42/57 MP: 12/16
  5072 | D:5      | Found a runed translucent door.
  5073 | D:5      | Noticed SkiChan's ghost (novice MiFi)
  5666 | D:6      | Got a dazzling hunting sling
  5666 | D:6      | Identified the +8 hunting sling of Ru's Hope {vorpal, Str+5
                  | Dex+4} (You found it on level 6 of the Dungeon)
  6084 | D:5      | Found Packuhid's Distillery.
  6093 | D:5      | Bought a potion of degeneration for 13 gold pieces
  6093 | D:5      | Bought a potion of curing for 39 gold pieces
  6093 | D:5      | Bought a potion of heal wounds for 65 gold pieces
  6093 | D:5      | Bought a potion of lignification for 39 gold pieces
  6326 | D:5      | Found a glowing golden altar of the Shining One.
  6550 | D:5      | Killed SkiChan's ghost
  7086 | D:6      | Noticed a five-headed hydra
  7098 | D:6      | Killed a five-headed hydra
  7099 | D:6      | Reached XP level 9. HP: 22/65 MP: 14/18
  7396 | D:6      | Found a white marble altar of Elyvilon.
  7456 | D:6      | Found Kekhlics's Book Shoppe.
  7873 | D:6      | Reached skill level 5 in Invocations
  8124 | D:6      | Found a broken altar of Ashenzari.
  8462 | D:7      | Noticed a purple ugly thing
  8476 | D:7      | Killed a purple ugly thing
  8477 | D:7      | Reached XP level 10. HP: 71/73 MP: 20/20
  8478 | D:7      | Reached skill level 5 in Fighting
  8478 | D:7      | Reached skill level 5 in Short Blades
  8478 | D:7      | Reached skill level 5 in Long Blades
  8478 | D:7      | Reached skill level 5 in Axes
  8478 | D:7      | Reached skill level 5 in Maces & Flails
  8478 | D:7      | Reached skill level 5 in Polearms
  8478 | D:7      | Reached skill level 5 in Staves
  8478 | D:7      | Reached skill level 5 in Slings
  8478 | D:7      | Reached skill level 5 in Bows
  8478 | D:7      | Reached skill level 5 in Crossbows
  8478 | D:7      | Reached skill level 5 in Throwing
  8478 | D:7      | Reached skill level 5 in Armour
  8478 | D:7      | Reached skill level 5 in Shields
  8478 | D:7      | Reached skill level 5 in Unarmed Combat
  8478 | D:7      | Reached skill level 5 in Evocations
  8815 | D:7      | Found an iron altar of Okawaru.
  8835 | D:7      | Found a hide-covered altar of Uskayaw.
  8856 | D:7      | Found a staircase to the Ecumenical Temple.
  8885 | D:7      | Found an ancient bone altar of Kikubaaqudgha.
  8903 | Temple   | Entered the Ecumenical Temple
  9084 | Temple   | Became a worshipper of Sif Muna the Loreminder
  9116 | D:7      | Found a radiant altar of Vehumet.
  9315 | D:8      | Noticed Erica
  9322 | D:8      | Killed Erica
  9649 | D:8      | Noticed a two-headed ogre
  9656 | D:8      | Killed a two-headed ogre
  9701 | D:8      | Found a large runed translucent door.
  9719 | D:8      | Found a large runed translucent door.
  9727 | D:8      | Noticed a brown ugly thing
  9742 | D:8      | Found the ring of the Octopus King
  9746 | D:8      | Found a large runed translucent door.
  9746 | D:8      | Found a large runed translucent door.
  9787 | D:8      | Reached * piety under Sif Muna
 10416 | D:8      | Killed a brown ugly thing
 10417 | D:8      | Reached XP level 11. HP: 45/81 MP: 18/22
 10435 | D:8      | Got a ring of the Octopus King
 10436 | D:8      | Identified a ring of the Octopus King {MP+9 AC+1 EV+1 Str+1
                  | Int+1 Dex+1} (You found it on level 8 of the Dungeon)
 10447 | D:8      | Noticed an orb spider
 10458 | D:8      | Killed an orb spider
 10797 | D:9      | Reached skill level 5 in Conjurations
 10797 | D:9      | Reached skill level 5 in Hexes
 10797 | D:9      | Reached skill level 5 in Summonings
 10797 | D:9      | Reached skill level 5 in Necromancy
 10797 | D:9      | Reached skill level 5 in Translocations
 10797 | D:9      | Reached skill level 5 in Transmutations
 10797 | D:9      | Reached skill level 5 in Fire Magic
 10797 | D:9      | Reached skill level 5 in Air Magic
 10797 | D:9      | Reached skill level 5 in Earth Magic
 10797 | D:9      | Reached skill level 5 in Poison Magic
 10927 | D:9      | Noticed a two-headed ogre
 10934 | D:9      | Killed a two-headed ogre
 11045 | D:9      | Reached ** piety under Sif Muna
 11507 | D:9      | Found a staircase to the Orcish Mines.
 11866 | D:9      | You fall into a shaft and drop 1 floor!
 11866 | D:10     | Entered Level 10 of the Dungeon
 11879 | D:10     | Found an iron altar of Okawaru.
 11953 | D:10     | Found a staircase to the Lair.
 11992 | D:10     | Found Qiokusch's Antique Weapon Emporium.
 12180 | D:10     | You fall into a shaft and drop 2 floors!
 12181 | D:12     | Noticed a red ugly thing
 12220 | D:12     | Killed a red ugly thing
 12455 | D:12     | Noticed Rupert
 12499 | D:12     | Killed Rupert
 12500 | D:12     | Reached XP level 12. HP: 38/89 MP: 1/24
 12799 | D:12     | Reached *** piety under Sif Muna
 13677 | D:11     | Found Osseocuc's Assorted Antiques.
 14031 | D:11     | Bought a scroll labelled POAQOT BIECEGUC for 32 gold pieces
 14031 | D:11     | Bought a scroll labelled POAQOT BIECEGUC for 32 gold pieces
 14144 | D:11     | Found a shadowy altar of Dithmenos.
 14584 | Orc:1    | Entered Level 1 of the Orcish Mines
 14640 | Orc:1    | Reached **** piety under Sif Muna
 14765 | Orc:1    | Found Nohixig's Antique Weapon Shop.
 15065 | Orc:2    | Entered Level 2 of the Orcish Mines
 15079 | Orc:2    | Noticed a stone giant
 15099 | Orc:2    | HP: 1/91 [stone giant (25)]
 15101 | Orc:2    | Killed a stone giant
 15534 | Orc:2    | Noticed Snorg
 15544 | Orc:2    | Killed Snorg
 16063 | Orc:2    | Reached XP level 13. HP: 53/98 MP: 26/26
 16177 | Orc:2    | Found a staircase to the Elven Halls.
 16224 | Orc:2    | Noticed Sonja
 16246 | Orc:2    | Killed Sonja
 16456 | Orc:2    | Found Izxiurgh's Jewellery Shop.
 16469 | Orc:2    | Found Osmuxzell's General Store.
 16486 | Orc:2    | Bought a potion of heal wounds for 70 gold pieces
 16486 | Orc:2    | Found Nufo's Distillery.
 16488 | Orc:2    | Found Qabatirgh's Distillery.
 16503 | Orc:2    | Bought a potion of curing for 42 gold pieces
 16503 | Orc:2    | Bought a potion of curing for 42 gold pieces
 16503 | Orc:2    | Bought a potion of heal wounds for 70 gold pieces
 16503 | Orc:2    | Bought a potion of mutation for 112 gold pieces
 16503 | Orc:2    | Bought a potion of curing for 42 gold pieces
 16552 | Orc:2    | Noticed a stone giant
 16570 | Orc:2    | Killed a stone giant
 16571 | Orc:2    | Reached skill level 10 in Ice Magic
 16875 | Orc:1    | Noticed an ettin
 16887 | Orc:1    | Killed an ettin
 17234 | Lair:1   | Entered Level 1 of the Lair of Beasts
 17243 | Lair:1   | Reached ***** piety under Sif Muna
 17664 | Lair:1   | Received a gift from Sif Muna
 17842 | Lair:1   | Reached skill level 10 in Spellcasting
 18258 | Lair:1   | Noticed Clumpoid's ghost (novice TrFi)
 18279 | Lair:1   | Found a transporter.
 18315 | Lair:1   | Found a transporter.
 19151 | Lair:2   | Reached XP level 14. HP: 106/106 MP: 28/28
 19293 | Lair:2   | Reached skill level 10 in Dodging
 19805 | Lair:2   | Learned a level 2 spell: Swiftness
 19807 | Lair:2   | Learned a level 1 spell: Apportation
 20296 | Lair:3   | Reached skill level 10 in Stealth
 20709 | Lair:3   | Reached skill level 10 in Invocations
 21036 | Lair:3   | Learned a level 5 spell: Bolt of Magma
 22200 | Lair:4   | Identified Sif Muna's Disquisition on Ignition (Sif Muna
                  | gifted it to you on level 4 of the Lair of Beasts)
 22200 | Lair:4   | Received a gift from Sif Muna
 22626 | Lair:4   | Found a hole to the Spider Nest.
 22664 | Lair:4   | Found a runed translucent door.
 22714 | Lair:4   | Found a staircase to the Shoals.
 23303 | Lair:4   | Reached skill level 10 in Bows
 23516 | Lair:4   | Noticed an entropy weaver
 23532 | Lair:4   | Killed an entropy weaver
 23533 | Lair:4   | Reached XP level 15. HP: 47/115 MP: 25/29
 23854 | Lair:4   | Paralysed by you for 3 turns
 24267 | Lair:5   | Reached skill level 10 in Fighting
 24267 | Lair:5   | Reached skill level 10 in Short Blades
 24267 | Lair:5   | Reached skill level 10 in Long Blades
 24267 | Lair:5   | Reached skill level 10 in Axes
 24267 | Lair:5   | Reached skill level 10 in Maces & Flails
 24267 | Lair:5   | Reached skill level 10 in Polearms
 24267 | Lair:5   | Reached skill level 10 in Staves
 24267 | Lair:5   | Reached skill level 10 in Slings
 24267 | Lair:5   | Reached skill level 10 in Crossbows
 24267 | Lair:5   | Reached skill level 10 in Throwing
 24267 | Lair:5   | Reached skill level 10 in Armour
 24267 | Lair:5   | Reached skill level 10 in Shields
 24267 | Lair:5   | Reached skill level 10 in Unarmed Combat
 24267 | Lair:5   | Reached skill level 10 in Evocations
 24823 | Lair:5   | Noticed Urug
 24840 | Lair:5   | Killed Urug
 25883 | Lair:6   | Entered Level 6 of the Lair of Beasts
 26260 | Lair:6   | Received a gift from Sif Muna
 27252 | Lair:6   | Found a staircase to the Slime Pits.
 27499 | Lair:6   | Reached XP level 16. HP: 67/123 MP: 31/31
 27782 | Lair:6   | Found a large runed translucent door.
 27782 | Lair:6   | Found a large runed translucent door.
 28293 | Lair:1   | Killed Clumpoid's ghost
 29124 | D:13     | Got a bone war axe
 29148 | D:13     | Identified the cursed +1 war axe of Gustotwo {elec, Dex+4}
                  | (You found it on level 13 of the Dungeon)
 29252 | D:13     | Found a gate to the Vaults.
 29499 | D:14     | Identified Sif Muna's Disquisition on Malediction (Sif Muna
                  | gifted it to you on level 14 of the Dungeon)
 29499 | D:14     | Received a gift from Sif Muna
 30884 | D:15     | Entered Level 15 of the Dungeon
 31800 | D:15     | Found a staircase to the Depths.
 32035 | D:15     | Found a transporter.
 32120 | D:15     | Found a transporter.
 32128 | D:15     | Noticed Yamstis's ghost (adept GnMo)
 32382 | Shoals:1 | Entered Level 1 of the Shoals
 32449 | Shoals:1 | Identified Sif Muna's Tome of Lethal Clay (Sif Muna gifted
                  | it to you on level 1 of the Shoals)
 32449 | Shoals:1 | Received a gift from Sif Muna
 32569 | Shoals:1 | Found a runed translucent gate.
 32569 | Shoals:1 | Found a runed translucent gate.
 32569 | Shoals:1 | Found a runed translucent gate.
 32586 | Shoals:1 | Noticed Couptipt's ghost (adept FeDe)
 32956 | Shoals:1 | Reached XP level 17. HP: 91/131 MP: 33/33
 33454 | Shoals:1 | Killed Couptipt's ghost
 33455 | Shoals:1 | Gained mutation: You are clumsy. (Dex -2) [mutagenic glow]
 33469 | Shoals:1 | Identified Podi's Reference Book on the Arsonist and
                  | Translocation
 33477 | Shoals:1 | Got a brightly glowing helmet
 33479 | Shoals:1 | Gained mutation: You are dopey. (Int -2) [mutagenic glow]
 33487 | Shoals:1 | Identified the cursed +0 helmet of the Wilderness {rElec
                  | Str+4 SInv} (You found it on level 1 of the Shoals)
 34078 | Shoals:2 | Found Puacwaal's Assorted Antiques.
 34086 | Shoals:2 | Bought a scroll of identify for 76 gold pieces
 34086 | Shoals:2 | Bought an ichor-stained flail for 323 gold pieces
 34086 | Shoals:2 | Bought a scroll of identify for 76 gold pieces
 34086 | Shoals:2 | Identified the cursed +1 flail of Darkness {pain, Will+}
                  | (You bought it in a shop on level 2 of the Shoals)
 34607 | Shoals:3 | Identified Sif Muna's Catalogue of Companions (Sif Muna
                  | gifted it to you on level 3 of the Shoals)
 34607 | Shoals:3 | Received a gift from Sif Muna
 34661 | Shoals:3 | Found Jucit Qemest's Jewellery Boutique.
 34785 | Shoals:3 | Noticed Aizul
 34795 | Shoals:3 | Killed Aizul
 34889 | Shoals:3 | Noticed Polyphemus
 34913 | Shoals:3 | Hit by a large rock thrown by Polyphemus

Illustrated notes

Levels and vault maps discovered:
D:1:      psy_arrival_spokes, layout_basic
D:2:      layout_basic, chequers_ecumenical_altar_island, lemuel_altar_in_water
D:3:      layout_rooms, overflow_temple_1_default, serial_bayou,
          serial_bayou_pond_e, serial_bayou_pond_b, serial_bayou_lagoon_a,
          serial_bayou_pond_b, serial_bayou_pond_e, serial_bayou_lagoon_b
D:4:      layout_rooms, yredelemnul_forgotten_temple_becter, uniq_blork_the_orc
D:5:      layout_loops_corners, serial_shops, shop,
          ebering_ghost_reflecting_pool, tso_altar
D:6:      layout_cave_pods, old_standard_altar, serial_shops, shop,
          nicolae_sextant, grunt_decor_fettered, elyvilon_altar_5
D:7:      layout_cave_pools, nicolae_overflow_hidden_temple,
          minmay_temple_entry_glassed_door, minivault_22,
          kennysheep_flooded_box, minivault_14, small_statue_intersection
D:8:      layout_loops_ring, hex_tiny, minmay_hollow_rounded_squares, uniq_erica
D:9:      layout_irregular_city, minmay_orc_entry_guard_dogs, nicolae_wwwww,
          minmay_misc_feat_square
D:10:     layout_rooms, david_lair_generic, serial_shops, shop_fountains,
          kennysheep_small_circle
D:11:     layout_rooms, serial_shops, shop_fountains, grunt_dithmenos_shadows
D:12:     layout_gridville, uniq_rupert
D:13:     layout_cave_pools, erik_vaults_1
D:14:     layout_irregular_city, grunt_decor_cap
D:15:     gammafunk_depths_entry_grave, layout_rooms, gammafunk_ghost_mausoleum,
          nicolae_lava_and_water
Temple:   eino_narrow_crystal_temple
Lair:1:   layout_layer_cave, gammafunk_ghost_arena, nzn_sisyphean_effort,
          grunt_megastairs_3, serial_bayou_shore_b
Lair:2:   layout_roguey
Lair:3:   nzn_winding_woodlands_large [nzn_winding_woodlands_5x5_cross,
          nzn_winding_woodlands_5x15_twine, nzn_winding_woodlands_5x5_default,
          nzn_winding_woodlands_center_lodge,
          nzn_winding_woodlands_15x15_boxy_spiral,
          nzn_winding_woodlands_center_pierced_h,
          nzn_winding_woodlands_5x5_closed_star,
          nzn_winding_woodlands_5x15_garden,
          nzn_winding_woodlands_5x5_open_star], layout_regular_city,
          minmay_lair_oklob_bushes, minmay_hedge_maze,
          hangedman_lair_unloving_vines
Lair:4:   gammafunk_mikee_crab_dinner, layout_small_grid,
          minmay_shoals_entry_beasts, spider_nest_entry_webs
Lair:5:   layout_layer_cave, kilobyte_rumbling_trees, serial_bayou_shore_b,
          grunt_megastairs_4, serial_bayou_shore_b, uniq_urug
Lair:6:   cheibrodos_lair_end_hotspot, layout_big_grid,
          minmay_slime_entry_oklob_open, minmay_lindwurm_lava
Shoals:1: layout_shoals, gammafunk_ghost_tricky_traps
Shoals:2: layout_shoals, serial_shops, nicolae_shop_overgrown_old_shop
Shoals:3: layout_shoals, serial_shops, shop, uniq_polyphemus, uniq_aizul
Orc:1:    layout_diamond_mine, serial_shops, shop, mines5_lemuel
Orc:2:    st_orc_elflike, layout_diamond_mine, uniq_sonja, uniq_snorg

Skill      XL: |  1  2  3  4  5  6  7  8  9 10 11 12 13 14 15 16 17 |
---------------+----------------------------------------------------+-----
Spellcasting   | 5 6 7 8 9 10 11 12 | 12.4
Invocations    | 1 2 3 4 5 6 7 8 9 10 11 12 | 12.5
Fighting       | 1 2 4 5 6 7 8 9 10 11 | 11.5
Short Blades   | 1 2 4 5 6 7 8 9 10 11 | 11.5
Long Blades    | 1 2 4 5 6 7 8 9 10 11 | 11.5
Axes           | 1 2 4 5 6 7 8 9 10 11 | 11.5
Maces & Flails | 1 2 4 5 6 7 8 9 10 11 | 11.5
Polearms       | 1 2 4 5 6 7 8 9 10 11 | 11.5
Staves         | 1 2 4 5 6 7 8 9 10 11 | 11.5
Slings         | 1 2 4 5 6 7 8 9 10 11 | 11.5
Bows           | 1 2 4 5 6 7 8 10 11 12 | 12.3
Crossbows      | 1 2 4 5 6 7 8 9 10 11 | 11.5
Throwing       | 1 2 4 5 6 7 8 9 10 11 | 11.5
Armour         | 1 2 4 5 6 7 8 9 10 11 | 11.5
Shields        | 1 2 4 5 6 7 8 9 10 11 | 11.5
Unarmed Combat | 1 2 4 5 6 7 8 9 10 11 | 11.5
Evocations     | 1 2 4 5 6 7 8 9 10 11 | 11.5
Conjurations   | 1 2 3 4 5 6 7 8 9 |  9.9
Hexes          | 1 2 3 4 5 6 7 8 9 |  9.9
Summonings     | 1 2 3 4 5 6 7 8 9 |  9.9
Necromancy     | 1 2 3 4 5 6 7 8 9 |  9.9
Translocations | 1 2 3 4 5 6 7 8 9 |  9.9
Transmutations | 1 2 3 4 5 6 7 8 9 |  9.9
Fire Magic     | 1 2 3 4 5 6 7 8 9 |  9.9
Air Magic      | 1 2 3 4 5 6 7 8 9 |  9.9
Earth Magic    | 1 2 3 4 5 6 7 8 9 |  9.9
Poison Magic   | 1 2 3 4 5 6 7 8 9 |  9.9
Dodging        | 5 6 7 8 9 10 11 12 | 12.3
Stealth        | 5 6 7 8 9 10 11 12 | 12.2
Ice Magic      | 8 9 10 11 | 11.9

Action                   |  1- 3 |  4- 6 |  7- 9 | 10-12 | 13-15 | 16-18 || total
-------------------------+-------+-------+-------+-------+-------+-------++-------
Melee: Short sword       |    69 |   116 |   110 |     9 |       |       ||   304
       Bite              |     6 |     8 |    13 |     2 |    14 |     8 ||    51
       Unarmed           |     1 |       |       |       |       |       ||     1
       Punch             |       |     2 |     3 |       |     6 |     3 ||    14
       Long sword        |       |       |       |     1 |     9 |    24 ||    34
       Scimitar          |       |       |       |       |    95 |       ||    95
       War axe           |       |       |       |       |       |    12 ||    12
 Fire: Hunting sling     |       |       |   134 |   657 |  1114 |  1122 ||  3027
 Cast: Freeze            |    26 |    15 |     4 |       |       |       ||    45
       Frozen Ramparts   |       |    11 |     9 |    16 |    65 |    21 ||   122
       Summon Ice Beast  |       |       |     6 |     9 |    56 |    29 ||   100
       Hailstorm         |       |       |       |    18 |    57 |     9 ||    84
       Bolt of Magma     |       |       |       |       |       |    45 ||    45
       Ozocubu's Armour  |       |       |       |       |       |     1 ||     1
Invok: Channel Magic     |       |       |       |       |     6 |     4 ||    10
Evoke: Wand              |       |       |       |     4 |       |       ||     4
  Use: Scroll            |       |       |     7 |    11 |     7 |     7 ||    32
       Potion            |       |       |       |     1 |     4 |     5 ||    10
 Stab: Sleeping          |     9 |     6 |     4 |       |     3 |     1 ||    23
Armor: Robe              |    17 |     2 |       |       |       |       ||    19
       Leather armour    |       |    30 |    26 |    22 |       |       ||    78
       Troll leather arm |       |       |       |     4 |   197 |   131 ||   332
Dodge: Dodged            |    95 |   110 |    84 |   165 |   599 |   563 ||  1616
       Repelled          |       |       |       |       |       |     7 ||     7
       Rpst.: Long sword |       |       |       |     1 |     2 |    11 ||    14
       Scimitar          |       |       |       |       |    28 |       ||    28

Table legend: (Time is in decaauts)
 A = Elapsed time spent in this place.
 B = Non-inter-level travel time spent in this place.
 C = Inter-level travel time spent in this place.
 D = Time resting spent in this place.
 E = Time spent auto-exploring this place.
 F = Levels seen in this place.
 G = Mean time per level.
                   A        B        C        D        E       F      G
               +--------+--------+--------+--------+--------+-----+--------+
         Total |  34384 |  32591 |   1793 |   4517 |  22092 |  27 | 1273.5 |
       Dungeon |  18155 |  17141 |   1014 |   2136 |  12097 |  15 | 1210.3 |
        Temple |    196 |    156 |     40 |      0 |    155 |   1 |  196.0 |
          Lair |  10905 |  10403 |    502 |   1422 |   6992 |   6 | 1817.5 |
        Shoals |   2564 |   2489 |     75 |    293 |   1564 |   3 |  854.7 |
  Orcish Mines |   2561 |   2401 |    160 |    665 |   1282 |   2 | 1280.5 |
               +--------+--------+--------+--------+--------+-----+--------+

Top non-repeatable levels by time:
  Lair:3: 2372 daAuts
     D:5: 2257 daAuts
  Lair:6: 2121 daAuts
  Lair:4: 1928 daAuts
  Lair:5: 1776 daAuts
  Lair:1: 1695 daAuts
    D:14: 1648 daAuts
    D:12: 1643 daAuts
     D:8: 1568 daAuts
     D:3: 1486 daAuts
   Orc:2: 1474 daAuts
     D:6: 1453 daAuts
     D:9: 1238 daAuts
     D:1: 1227 daAuts
Shoals:1: 1225 daAuts
